 Dungeon Crawl Stone Soup version 0.25.0-37-gb73750e0fb (console) character file.

Game seed: 12482636691018708207

50 Garrluk the Ducker (level 4, -1/27 HPs)
             Began as a Halfling Air Elementalist on July 8, 2020.
             Slain by a quokka (3 damage)
             ... on level 2 of the Dungeon.
             The game lasted 00:10:26 (1408 turns).

Garrluk the Ducker (Halfling Air Elementalist)      Turns: 1408, Time: 00:10:26

Health: -1/27      AC:  2    Str:  9    XL:     4   Next: 4%
Magic:  1/6        EV: 16    Int: 14    God:
Gold:   12         SH:  0    Dex: 14    Spells: 3/6 levels left

rFire    . . .     SeeInvis .   g - +0 dagger
rCold    . . .     Gourm    .   (shield restricted)
rNeg     . . .     Faith    .   a - +0 robe
rPois    .         Spirit   .   (no helmet)
rElec    .         Reflect  .   (no cloak)
rCorr    .         Harm     .   (no gloves)
MR       .....                  (no boots)
Stlth    ++........             (no amulet)
HPRegen  0.09/turn              (no ring)
MPRegen  0.10/turn              (no ring)

@: mighty, flying, very slightly contaminated
A: small, mutation resistance 1
a: no special abilities


You were on level 2 of the Dungeon.
You were not hungry.

You visited 1 branch of the dungeon, and saw 2 of its levels.

You collected 12 gold pieces.

Inventory:

Hand Weapons
 g - a +0 dagger (weapon)
Missiles
 d - 47 stones (quivered)
Armour
 a - a +0 robe (worn)
Jewellery
 e - an uncursed amulet of faith
 f - an uncursed amulet of the acrobat {unknown}
Scrolls
 i - a scroll of teleportation {unknown}
 j - a scroll of fear {unknown}
 k - a scroll of blinking {unknown}
 l - a scroll of fog {unknown}
Comestibles
 c - a ration
 m - a chunk of flesh


   Skills:
 + Level 4.1 Dodging
 - Level 2.1 Stealth
 - Level 1.5 Spellcasting
 - Level 0.7 Conjurations
 + Level 0.5 Charms
 - Level 3.1 Air Magic


You had 3 spell levels left.
You knew the following spells:

 Your Spells              Type           Power        Failure   Level  Hunger
a - Shock                 Conj/Air       #...         12%         1    ##.....
b - Swiftness             Chrm/Air       #.......     19%         2    ###....

Your spell library contained the following spells:

 Spells                   Type           Power        Failure   Level  Hunger
 Static Discharge         Conj/Air       #.......     34%         3    ####...
 Airstrike                Air            #.........   56%         4    #####..
 Lightning Bolt           Conj/Air       #.........   97%         5    ######.


Dungeon Overview and Level Annotations

Branches:
Dungeon (2/15)

Altars:


Innate Abilities, Weirdness & Mutations

You are small and have problems with some larger weapons.
You are somewhat resistant to further mutation.


Message History

The quokka closely misses you.
A frilled lizard comes into view.
The quokka bites you.
* * * LOW HITPOINT WARNING * * *
The quokka misses you.
Casting: Shock (safe; 12% risk of failure)
Confirm with . or Enter, or press ? or * to list all spells.
Aiming: Shock (safe; 12% risk of failure)
Press: ? - help, Shift-Dir - straight line, f/p - quokka
Aim: a quokka (moderately wounded)
You miscast Shock.
You are very lightly contaminated with residual magic.
Nothing appears to happen.
The quokka misses you.
It was a potion of might.
You feel very mighty all of a sudden. The quokka completely misses you.
It was a potion of flight.
You feel very buoyant.
You fly up into the air.
The quokka bites you.
You die...

..#.##.##.# #†##.#
#.##.# #.##.#
..#.##.##.#####
..............####
####...##....÷...#
##.#######.##.# #.
#<##.# +. #.##.#
## #.##@# #.##r#
#.##.# #.##.#
#.#.#.# ..###.$#
#.## #l#.# #
#.##.# ## #.# #.#
#.#


You could see a quokka.

Vanquished Creatures
  An adder (D:2)
  An ooze (D:1)
  2 dart slugs (D:1)
  A bat (D:1)
  2 giant cockroaches (D:1)
  4 goblins (D:1)
  2 hobgoblins (D:1)
  6 jackals (D:1)
  A ball python (D:1)
  3 frilled lizards
  4 kobolds (D:1)
  4 rats (D:1)
31 creatures vanquished.

Notes
Turn   | Place    | Note
-------+----------+-------------------------------------------
     0 | D:1      | Garrluk the Halfling Air Elementalist began the quest for
                  | the Orb.
     0 | D:1      | Reached XP level 1. HP: 11/11 MP: 3/3
   303 | D:1      | Reached XP level 2. HP: 4/17 MP: 4/4
   440 | D:1      | Reached skill level 3 in Dodging
   568 | D:1      | Reached XP level 3. HP: 6/21 MP: 0/5
  1220 | D:1      | Reached skill level 4 in Dodging
  1331 | D:2      | Learned a level 2 spell: Swiftness
  1352 | D:2      | Reached XP level 4. HP: 17/27 MP: 1/6
  1401 | D:2      | HP: 1/27 [quokka (4)]
  1408 | D:2      | Slain by a quokka

Illustrated notes

Levels and vault maps discovered:
D:1:      ncdulo_smallfort, layout_loops_corners, st_stairs_4
D:2:      layout_loops_ring, makhleb_grotto_becter, uniq_jessica

Skill      XL: |  1  2  3 |
---------------+----------+-----
Dodging        | 3 4 |  4.1
Stealth        | |  2.1
Spellcasting   | |  1.5
Conjurations   | |  0.7
Charms         | |  0.5
Air Magic      | |  3.1

Action                   |  1- 3 |  4- 6 || total
-------------------------+-------+-------++-------
Melee: Dagger            |    30 |     5 ||    35
       Unarmed           |     1 |       ||     1
 Cast: Shock             |    54 |     6 ||    60
  Use: Potion            |       |     2 ||     2
 Stab: Sleeping          |     4 |       ||     4
  Eat: Chunk             |     3 |       ||     3
Armor: Robe              |     9 |     1 ||    10
Dodge: Dodged            |    62 |    13 ||    75
